[Event "ICC tourney 2175 (45 10)"]
[Site "Internet Chess Club"]
[Date "2020.12.05"]
[Round "3"]
[White "KRASAVCHIK"]
[Black "Volkov"]
[Result "1/2-1/2"]
[ICCResult "Game drawn by repetition"]
[WhiteElo "2646"]
[BlackElo "2609"]
[Opening "French: Tarrasch, closed variation, main line"]
[ECO "C06"]
[NIC "FR.17"]
[Time "18:02:06"]
[TimeControl "2700+10"]

1. e4 e6 2. d4 d5 3. Nd2 Nf6 4. e5 Nfd7 5. Bd3 c5 6. c3 Nc6 7. Ne2 cxd4 8.
cxd4 f6 9. exf6 Nxf6 10. O-O Bd6 11. Nf3 O-O 12. Bf4 Bxf4 13. Nxf4 Ne4 14.
Qc1 Ng5 15. Nxg5 Qxg5 16. Ne2 Qf6 17. Qe3 a6 18. Rac1 Bd7 19. Bc2 Be8 20.
Rfe1 Bh5 21. f3 Rad8 22. Ba4 Na5 23. Bb3 b5 24. Rc7 Rf7 25. Rc5 Bg6 26. a4
Rb8 27. axb5 axb5 28. Qc3 Nc4 29. Bxc4 bxc4 30. Nc1 Rfb7 31. b3 Bd3 32. Rc6
Rb6 33. Rxb6 Rxb6 34. Re5 h6 35. h3 Qe7 36. Qa5 Qb7 37. Re3 Bc2 38. bxc4 Rb1
39. Re1 Qb2 40. Qd2 dxc4 41. Ne2 Rxe1+ 42. Qxe1 Bd3 43. Nc3 Kh7 44. Kh2 Qc2
45. d5 exd5 46. Nxd5 Be2 47. Kg1 Bd3 48. Qe5 Qc1+ 49. Kh2 Qg5 50. Qd4 Qd8
51. Qe5 Qg5 52. Qd4 Qd8 53. Qe5 Qg5 54. Qd4 Qd8 {Game drawn by repetition}
1/2-1/2

[Event "ICC tourney 2175 (45 10)"]
[Site "Internet Chess Club"]
[Date "2020.12.05"]
[Round "3"]
[White "GeorgeDai"]
[Black "jy2020"]
[Result "1/2-1/2"]
[ICCResult "Game drawn by repetition"]
[WhiteElo "2067"]
[BlackElo "2220"]
[Opening "QGD: Ragozin variation"]
[ECO "D38"]
[NIC "NI.27"]
[Time "18:02:27"]
[TimeControl "2700+10"]

1. d4 Nf6 2. Nf3 e6 3. c4 d5 4. Nc3 Bb4 5. Qa4+ Nc6 6. Bg5 h6 7. Bh4 O-O 8.
e3 Be7 9. Be2 a6 10. O-O Ne4 11. Bxe7 Nxe7 12. cxd5 exd5 13. Qc2 Nd6 14. Na4
Bd7 15. Nc5 Be8 16. Rfc1 Qc8 17. Na4 Bxa4 18. Qxa4 c6 19. Qb4 Qe6 20. Ne5 f6
21. Bg4 f5 22. Bh3 Ng6 23. Nd3 Rad8 24. g3 Qf6 25. Nc5 Rf7 26. a4 Nf8 27.
Nd3 Nd7 28. Qc3 Re8 29. b4 Nc4 30. b5 axb5 31. axb5 Qd6 32. bxc6 bxc6 33.
Qb4 Qe6 34. Nf4 Qf6 35. Bg2 Rb8 36. Qc3 Qd6 37. Ra6 Rb6 38. Ra8+ Kh7 39. Bf1
g5 40. Nd3 Rb7 41. Nc5 Nxc5 42. dxc5 Qxc5 43. Qh8+ Kg6 44. Qg8+ Kf6 45. Qh8+
Kg6 46. Qg8+ Kf6 47. Qh8+ Kg6 48. Qg8+ Kf6 49. Qh8+ {Game drawn by
repetition} 1/2-1/2

[Event "ICC tourney 2175 (45 10)"]
[Site "Internet Chess Club"]
[Date "2020.12.05"]
[Round "4"]
[White "BreatheChessAls"]
[Black "mchessmaster"]
[Result "1/2-1/2"]
[ICCResult "Game drawn by mutual agreement"]
[WhiteElo "1921"]
[BlackElo "1973"]
[Opening "Queen's pawn, Mason variation"]
[ECO "D00"]
[NIC "QP.08"]
[Time "20:31:55"]
[TimeControl "2700+10"]

1. d4 d5 2. Bf4 Bf5 3. e3 e6 4. Bd3 Bxd3 5. Qxd3 Bd6 6. Bg3 Nf6 7. Nd2 O-O
8. c3 c5 9. Ngf3 Nc6 10. O-O c4 11. Qc2 b5 12. e4 Bxg3 13. hxg3 dxe4 14.
Nxe4 Nxe4 15. Qxe4 Qd5 16. Qxd5 exd5 17. Ne5 Ne7 18. Rfe1 Rfe8 19. Re2 f6
20. Nd7 Nc6 21. Rae1 Kf7 22. Nc5 Rxe2 23. Rxe2 Re8 24. Rxe8 Kxe8 25. Ne6 Kd7
26. Nxg7 b4 27. Nh5 Ke7 28. Nf4 Kd6 29. Kf1 bxc3 30. bxc3 Ne7 31. Ke2 Ng6
32. Nxg6 hxg6 33. f4 f5 34. Kf3 Ke6 35. g4 Kf6 36. gxf5 gxf5 37. g4 Kg6 38.
g5 a5 39. a4 Kg7 40. Kg3 Kh7 {Game drawn by mutual agreement} 1/2-1/2

[Event "ICC tourney 2175 (45 10)"]
[Site "Internet Chess Club"]
[Date "2020.12.05"]
[Round "4"]
[White "IndianTerritory"]
[Black "Alacritous"]
[Result "1-0"]
[ICCResult "Black checkmated"]
[WhiteElo "2187"]
[BlackElo "2159"]
[Opening "French: Winawer, advance, Smyslov variation"]
[ECO "C19"]
[NIC "FR.09"]
[Time "20:32:28"]
[TimeControl "2700+10"]

1. e4 e6 2. d4 d5 3. Nc3 Bb4 4. e5 Ne7 5. a3 Bxc3+ 6. bxc3 c5 7. a4 Qc7 8.
Nf3 b6 9. Bb5+ Bd7 10. Be2 Nbc6 11. O-O O-O 12. Re1 Rac8 13. Ba6 Rb8 14. Bd3
h6 15. Ba3 Na5 16. Nh4 Bxa4 17. Qg4 Be8 18. Re3 Nc4 19. Rg3 Ng6 20. Nxg6
fxg6 21. Qxe6+ Bf7 22. Qg4 Nxa3 23. Rxa3 Qe7 24. Bxg6 cxd4 25. Bh7+ Kxh7 26.
Qxg7# {Black checkmated} 1-0

[Event "ICC tourney 2175 (45 10)"]
[Site "Internet Chess Club"]
[Date "2020.12.05"]
[Round "4"]
[White "Drachekokosnuss"]
[Black "Ethan03"]
[Result "1/2-1/2"]
[ICCResult "Game drawn by mutual agreement"]
[WhiteElo "2096"]
[BlackElo "2007"]
[Opening "Sicilian: Taimanov (Bastrikov) variation"]
[ECO "B47"]
[NIC "SI.40"]
[Time "20:31:53"]
[TimeControl "2700+10"]

1. e4 c5 2. Nf3 e6 3. d4 cxd4 4. Nxd4 Nc6 5. Nc3 Qc7 6. g3 a6 7. Bg2 Nf6 8.
O-O Nxd4 9. Qxd4 Bc5 10. Bf4 d6 11. Qd2 h6 12. Rad1 e5 13. Be3 O-O 14. Bxc5
dxc5 15. Qe3 Be6 16. Nd5 Bxd5 17. exd5 Qd6 18. c4 b5 19. b3 Rab8 20. Rb1
Rfe8 21. Rfe1 Rb7 22. b4 Rc7 23. cxb5 axb5 24. bxc5 Rxc5 25. Rbc1 Rc4 26.
Rxc4 bxc4 27. Rc1 Rc8 28. Qe2 Nxd5 29. Rxc4 Rxc4 30. Qxc4 Nf6 31. Qc8+ Kh7
32. Qf5+ g6 33. Qc2 Kg7 34. a4 Qb4 35. Qe2 Qxa4 36. Qxe5
{Game drawn by mutual agreement}
1/2-1/2

[Event "ICC tourney 2175 (45 10)"]
[Site "Internet Chess Club"]
[Date "2020.12.05"]
[Round "4"]
[White "brilliantnessme"]
[Black "Chessking2008"]
[Result "1-0"]
[ICCResult "Black resigns"]
[WhiteElo "2032"]
[BlackElo "2135"]
[Opening "Sicilian: dragon, Yugoslav attack, Rauser variation"]
[ECO "B76"]
[NIC "SI.17"]
[Time "20:32:03"]
[TimeControl "2700+10"]

1. e4 c5 2. Nf3 d6 3. d4 cxd4 4. Nxd4 Nf6 5. Nc3 g6 6. Be3 Bg7 7. f3 O-O 8.
Qd2 Nc6 9. O-O-O d5 10. Qe1 e5 11. Nxc6 bxc6 12. exd5 Nxd5 13. Bc4 Be6 14.
Ne4 f5 15. Ng5 Bc8 16. Qb4 Re8 17. Rxd5 cxd5 18. Rd1 Bf8 19. Rxd5 Bxb4 20.
Rd7+ Re6 21. Rxd8+ Kg7 22. Nxe6+ Bxe6 23. Rxa8 Bxc4 24. Rxa7+ Bf7 25. Bh6+
Kf6 26. Bg5+ Ke6 27. c3 Bc5 28. Ra6+ Kd7 29. b4 Bg1 30. b5 Bc4 31. a4 Bf1
32. Rf6 Bxg2 33. a5 Bxf3 34. a6 Kc7 35. c4 f4 36. Rf7+ Kb6 37. Bd8+ Kc5 38.
b6 Be3+ 39. Kc2 Kb4 40. b7 Be4+ 41. Kb2 Bd4+ 42. Ka2 Kxc4 43. b8=Q Kd3 44.
Qb3+ Ke2 45. Rc7 f3 46. Rc2+ Bxc2 47. Qxc2+ Kf1 48. Bh4 f2 49. Bxf2 Bxf2 50.
Kb3 Kg2 51. a7 {Black resigns} 1-0

[Event "ICC tourney 2175 (45 10)"]
[Site "Internet Chess Club"]
[Date "2020.12.05"]
[Round "4"]
[White "AJM04"]
[Black "Eraser007"]
[Result "1-0"]
[ICCResult "Black resigns"]
[WhiteElo "2064"]
[BlackElo "2178"]
[Opening "Robatsch defense"]
[ECO "B06"]
[NIC "KF.05"]
[Time "20:32:39"]
[TimeControl "2700+10"]

1. e4 g6 2. d4 Bg7 3. Nc3 c6 4. Be3 d5 5. Nf3 Bg4 6. Be2 Bxf3 7. Bxf3 e6 8.
Qd2 h6 9. Be2 a6 10. f3 Nd7 11. O-O b5 12. b3 Ne7 13. Rac1 Nf6 14. Kh1 Rb8
15. Qd3 Qc7 16. Nb1 Rd8 17. e5 Nd7 18. f4 c5 19. c4 dxc4 20. bxc4 bxc4 21.
Qxc4 Nd5 22. Bg1 O-O 23. dxc5 a5 24. Bf3 Nb8 25. c6 g5 26. Na3 Nxf4 27. Nb5
Qxe5 28. c7 Rc8 29. Na7 Rce8 30. c8=Q Rxc8 31. Nxc8 Nd7 32. Qc7 Qxc7 33.
Rxc7 Ne5 34. Ne7+ Kh8 35. Rc8 f5 36. Bd4 Kh7 37. Rxf8 {Black resigns} 1-0

[Event "ICC tourney 2175 (45 10)"]
[Site "Internet Chess Club"]
[Date "2020.12.05"]
[Round "4"]
[White "IshanVannadil"]
[Black "KRASAVCHIK"]
[Result "1/2-1/2"]
[ICCResult "Game drawn by mutual agreement"]
[WhiteElo "1895"]
[BlackElo "2637"]
[Opening "Giuoco Piano"]
[ECO "C54"]
[NIC "IG.02"]
[Time "20:32:49"]
[TimeControl "2700+10"]

1. e4 e5 2. Nf3 Nc6 3. Bc4 Bc5 4. c3 Nf6 5. d4 exd4 6. e5 d5 7. Bb5 Ne4 8.
cxd4 Bb6 9. O-O O-O 10. h3 Ne7 11. Bd3 Bf5 12. Nc3 Qd7 13. a4 Ba5 14. Ne2
Ng6 15. Rb1 Bb4 16. Nh2 f6 17. f3 Ng5 18. exf6 gxf6 19. f4 Bxd3 20. Qxd3 Ne4
21. f5 Ne7 22. Ng3 Nxg3 23. Qxg3+ Kh8 24. Bh6 Rf7 25. Ng4 Nxf5 26. Qd3 Nxh6
27. Nxh6 Rff8 28. Rf5 Rae8 29. Ng4 Re6 30. Rbf1 Qg7 31. Rxd5 Bd6 32. Rh5 f5
33. Rfxf5 Rxf5 34. Rxf5 Re1+ 35. Kf2 Re8 36. Nf6 Rf8 37. Nh5 Rxf5+ 38. Qxf5
Qxd4+ 39. Kf3 Qd1+ 40. Kf2 Qd2+ 41. Kf3 Qd1+ 42. Kf2
{Game drawn by mutual agreement}
1/2-1/2

[Event "ICC tourney 2175 (45 10)"]
[Site "Internet Chess Club"]
[Date "2020.12.05"]
[Round "4"]
[White "Enamul"]
[Black "Leolix"]
[Result "1-0"]
[ICCResult "Black resigns"]
[WhiteElo "2477"]
[BlackElo "1946"]
[Opening "Sicilian"]
[ECO "B50"]
[NIC "SI.01"]
[Time "20:32:49"]
[TimeControl "2700+10"]

1. e4 c5 2. Nf3 d6 3. c3 Nf6 4. h3 e6 5. Bd3 Be7 6. Bc2 Nbd7 7. O-O O-O 8.
d4 b6 9. e5 Ne8 10. Qd3 g6 11. Bh6 Ng7 12. Nbd2 d5 13. Rfe1 Re8 14. Qe3 Ba6
15. g4 Rc8 16. Rac1 cxd4 17. cxd4 Rc7 18. Nb1 Nb8 19. Nc3 b5 20. a3 Nc6 21.
Bd3 Qb8 22. Qe2 b4 23. Bxa6 bxc3 24. Rxc3 Na5 25. Rec1 Rxc3 26. Rxc3 Qb6 27.
Qb5 Rb8 28. Qd7 Qxa6 29. Qxe7 Nc4 30. Ng5 Rf8 31. Rf3 Qc8 32. Rxf7
{Black resigns}
1-0

[Event "ICC tourney 2175 (45 10)"]
[Site "Internet Chess Club"]
[Date "2020.12.05"]
[Round "4"]
[White "jy2020"]
[Black "python0812"]
[Result "0-1"]
[ICCResult "White resigns"]
[WhiteElo "2203"]
[BlackElo "2073"]
[Opening "Sicilian: dragon, Yugoslav attack"]
[ECO "B75"]
[NIC "SI.17"]
[Time "20:32:00"]
[TimeControl "2700+10"]

1. e4 c5 2. Nf3 d6 3. d4 cxd4 4. Nxd4 Nf6 5. Nc3 g6 6. Be3 Bg7 7. f3 a6 8.
Qd2 h5 9. O-O-O b5 10. Kb1 Bb7 11. g3 Nbd7 12. Rg1 Rc8 13. h3 Nb6 14. Bd3
Nc4 15. Bxc4 Rxc4 16. g4 Qc7 17. Nce2 Bxe4 18. fxe4 Nxe4 19. Qe1 hxg4 20.
hxg4 e5 21. Nb3 Rh3 22. Rd3 Rxc2 23. Bb6 Rxe2 24. Qxe2 Qxb6 25. Rgd1 Rxd3
26. Qxd3 Nf2 27. Qxd6 Qxd6 28. Rxd6 e4 29. Nc1 Nxg4 30. Rxa6 f5 31. b3 Kf7
32. Kc2 f4 33. Ne2 f3 34. Ng3 e3 35. Ra7+ Kf6 36. Kd3 Bh6 37. Ra6+ Ke5 38.
Ra8 Nf2+ 39. Kc2 Kf4 40. Re8 Kxg3 41. a4 bxa4 42. bxa4 Ng4 43. Kd1 f2 44.
Ke2 Nh2 {White resigns} 0-1

[Event "ICC tourney 2175 (45 10)"]
[Site "Internet Chess Club"]
[Date "2020.12.05"]
[Round "4"]
[White "GGuseinov"]
[Black "HansNiemann"]
[Result "0-1"]
[ICCResult "White resigns"]
[WhiteElo "2695"]
[BlackElo "2638"]
[Opening "Ruy Lopez: open Berlin defense, l'Hermet variation"]
[ECO "C67"]
[NIC "RL.07"]
[Time "20:31:56"]
[TimeControl "2700+10"]

1. e4 e5 2. Nf3 Nc6 3. Bb5 Nf6 4. O-O Nxe4 5. d4 Nd6 6. dxe5 Nxb5 7. a4 Nbd4
8. Nxd4 d6 9. Nxc6 bxc6 10. Re1 Be6 11. Qf3 d5 12. Qg3 h5 13. h4 Be7 14. Bg5
Bxg5 15. hxg5 Rb8 16. Qc3 h4 17. Qxc6+ Kf8 18. f4 Rb4 19. Qc5+ Qe7 20. Qf2
h3 21. Nd2 g6 22. b3 hxg2 23. c3 Rb8 24. Kxg2 Bh3+ 25. Kf3 Kg7 26. Rh1 Qe6
27. Qg3 Rh5 28. Kf2 Rbh8 29. Qe3 c5 30. Nf3 Bg4 31. Rxh5 Rxh5 32. Rg1 Qf5
33. Ne1 Bd1 34. b4 Rh4 35. Nf3 Qc2+ 36. Kg3 Bxf3 37. Kxf3 Rh3+ 38. Rg3 Qd1+
{White resigns}
0-1

[Event "ICC tourney 2175 (45 10)"]
[Site "Internet Chess Club"]
[Date "2020.12.05"]
[Round "4"]
[White "TjkTiger"]
[Black "analyst1"]
[Result "1-0"]
[ICCResult "Black resigns"]
[WhiteElo "2606"]
[BlackElo "2438"]
[Opening "English: symmetrical, Botvinnik system reversed"]
[ECO "A37"]
[NIC "EO.28"]
[Time "20:32:44"]
[TimeControl "2700+10"]

1. c4 c5 2. g3 g6 3. Bg2 Bg7 4. Nc3 Nc6 5. Nf3 e5 6. d3 d6 7. O-O Nge7 8. a3
O-O 9. Rb1 a5 10. Ne1 Be6 11. Be3 b6 12. b4 axb4 13. axb4 Nxb4 14. Bxa8 Qxa8
15. Ng2 d5 16. cxd5 Nexd5 17. Nxd5 Bxd5 18. f3 Rd8 19. Bd2 Bf8 20. Qc1 Qb7
21. Qb2 Re8 22. Ne3 Be6 23. Rfc1 f6 24. Nc2 Nxc2 25. Rxc2 Rb8 26. Be3 Qc7
27. Qb5 Bd6 28. Bf2 h5 29. Rcb2 Kf7 30. Kg2 Bd7 31. Qa6 Bc8 32. Qa1 Be6 33.
Rb5 Bd7 34. R5b3 b5 35. Ra3 b4 36. Ra7 Rb7 37. Rxb7 Qxb7 38. Qa5 Qc6 39. Qa7
e4 40. fxe4 f5 41. Ra1 Ke7 42. Ra6 Qb5 43. e5 Bxe5 44. Rb6 Qa4 45. Bxc5+ Kf7
46. Qb7 Bc3 47. Qd5+ Kg7 48. Rb7 {Black resigns} 1-0

[Event "ICC tourney 2175 (45 10)"]
[Site "Internet Chess Club"]
[Date "2020.12.05"]
[Round "4"]
[White "Aleksandrov73"]
[Black "Openyagami"]
[Result "1-0"]
[ICCResult "Black resigns"]
[WhiteElo "2644"]
[BlackElo "2589"]
[Opening "Grünfeld: modern exchange variation"]
[ECO "D85"]
[NIC "GI.04"]
[Time "20:31:55"]
[TimeControl "2700+10"]

1. d4 Nf6 2. c4 g6 3. Nc3 d5 4. cxd5 Nxd5 5. e4 Nxc3 6. bxc3 Bg7 7. Nf3 c5
8. Be3 O-O 9. Be2 b6 10. O-O Bb7 11. Qd3 e6 12. Rfd1 cxd4 13. cxd4 Nc6 14.
Rac1 Qd6 15. Qd2 Rac8 16. h4 Rfd8 17. h5 Qb4 18. h6 Bf6 19. d5 exd5 20. exd5
Qxd2 21. Nxd2 Nd4 22. Bc4 Nf5 23. Ne4 Bb2 24. Bg5 Bxc1 25. Rxc1 Nd6 26. Nf6+
Kh8 27. Bb3 Nf5 28. Rd1 Ba6 29. g4 Nd6 30. Re1 Bc4 31. Re7 a5 32. Bf4 Ne8
33. Nxe8 Rxe8 34. Rxf7 g5 35. Bxg5 Bxb3 36. axb3 Re4 37. Bf6+ Kg8 38. Rg7+
Kf8 39. d6 Rc1+ 40. Kg2 Rd1 41. d7 Rxd7 42. Rxd7 Rxg4+ 43. Kf3 {Black
resigns} 1-0

[Event "ICC tourney 2175 (45 10)"]
[Site "Internet Chess Club"]
[Date "2020.12.05"]
[Round "4"]
[White "ChicagoExpert"]
[Black "javasri"]
[Result "1/2-1/2"]
[ICCResult "Game drawn by repetition"]
[WhiteElo "2117"]
[BlackElo "1918"]
[Opening "King's Indian: Kramer system"]
[ECO "E70"]
[NIC "KI.31"]
[Time "20:32:13"]
[TimeControl "2700+10"]

1. d4 Nf6 2. c4 g6 3. Nc3 Bg7 4. e4 d6 5. Nge2 O-O 6. Ng3 e5 7. d5 Nbd7 8.
h4 h5 9. Bg5 c5 10. Be2 Qa5 11. Qd2 Nh7 12. Bh6 Ndf6 13. Bxg7 Kxg7 14. O-O-O
a6 15. Kb1 Bd7 16. Rdg1 b5 17. f3 Rfb8 18. Nf1 bxc4 19. Ne3 Bb5 20. g4 Kf8
21. Rf1 Rb7 22. Ned1 Ba4 23. Qh6+ Ke8 24. Nxa4 Qxa4 25. g5 Nd7 26. Qxh7 Rab8
27. Rf2 c3 28. Bd3 Qd4 29. Bxa6 Ra7 30. Rc2 cxb2 31. Bc4 Rb4 32. Nxb2 Rab7
33. Bb3 c4 34. Rd1 cxb3 35. Rc8+ Ke7 36. Rxd4 bxa2+ 37. Ka1 Rxb2 38. Rd3
Rb1+ 39. Kxa2 R7b2+ 40. Ka3 Rb7 41. Ka2 R7b2+ 42. Ka3 Rb7 43. Ka2 R7b2+ 44.
Ka3 Rb7 45. Ka2 R7b2+ {Game drawn by repetition} 1/2-1/2

[Event "ICC tourney 2175 (45 10)"]
[Site "Internet Chess Club"]
[Date "2020.12.05"]
[Round "4"]
[White "mikoyansuren"]
[Black "StayCalm"]
[Result "1-0"]
[ICCResult "Black resigns"]
[WhiteElo "2053"]
[BlackElo "2138"]
[Opening "Neo-Indian (Seirawan) attack"]
[ECO "A45"]
[NIC "QP.07"]
[Time "20:32:19"]
[TimeControl "2700+10"]

1. d4 Nf6 2. Bg5 e6 3. c4 c5 4. d5 exd5 5. cxd5 d6 6. Nc3 h6 7. Bh4 a6 8. e4
g5 9. Bg3 Bg7 10. Nf3 O-O 11. Bd3 b5 12. O-O Nh5 13. Qe2 Nxg3 14. hxg3 Bg4
15. Nd1 Re8 16. Ne3 Bc8 17. a4 b4 18. a5 Ra7 19. Nc4 Rae7 20. Qd2 Rxe4 21.
Bxe4 Rxe4 22. Ne3 f5 23. Rfe1 Qf6 24. b3 Bd7 25. Nc4 Bb5 26. Rac1 Nd7 27.
Qc2 Bxc4 28. bxc4 Qc3 29. Qd1 Rxe1+ 30. Qxe1 Qxe1+ 31. Rxe1 Kf7 32. Re6 Ne5
33. Rxd6 Nxc4 34. Rxa6 b3 35. Ra7+ Kg6 36. a6 b2 37. Rb7 Bc3 38. a7 Bb4 39.
a8=Q b1=Q+ 40. Kh2 Kh5 41. Qe8+ Kg4 42. Nd2 {Black resigns} 1-0

[Event "ICC tourney 2175 (45 10)"]
[Site "Internet Chess Club"]
[Date "2020.12.05"]
[Round "4"]
[White "funplaychess"]
[Black "investigator"]
[Result "0-1"]
[ICCResult "White resigns"]
[WhiteElo "2282"]
[BlackElo "2130"]
[Opening "King's Indian, 3.Nf3"]
[ECO "E90"]
[NIC "KI.20"]
[Time "20:32:10"]
[TimeControl "2700+10"]

1. Nf3 Nf6 2. d4 g6 3. c4 Bg7 4. Nc3 O-O 5. e4 d6 6. h3 e5 7. d5 Nh5 8. g3
Na6 9. a3 c6 10. Bg2 c5 11. O-O f5 12. exf5 gxf5 13. Nxe5 Nxg3 14. Nc6 bxc6
15. fxg3 Rb8 16. dxc6 Nc7 17. Kh2 Ne6 18. Nb5 Be5 19. Bd5 Rb6 20. Nxa7 Kh8
21. Nb5 Qh4 22. Bf4 Bxf4 23. Rxf4 Qf6 24. Rf2 f4 25. g4 Qh4 26. Qf3 h5 27.
Re2 Nd4 28. Nxd4 Bxg4 29. Qc3 cxd4 30. Qxd4+ Kh7 31. Qxb6 Qxh3+ 32. Kg1 Bxe2
33. Qf2 f3 34. Re1 Rf4 35. Qa7+ Kg6 36. Kf2 Qh2+ 37. Ke3 f2 38. Rxe2 Qg3+
39. Kd2 f1=Q 40. Re6+ Kg5 41. Qe7+ Rf6 42. Qg7+ Kh4 43. Qxf6+ Qxf6 44. Rxf6
Qg5+ 45. Kd1 Qxf6 46. c7 Qd4+ 47. Kc2 Qc5 48. b4 Qxc7 49. Kb3 Kg5 50. a4 Kf6
51. a5 Ke5 52. Ka4 Kd4 53. a6 Qb6 54. b5 Kc3 {White resigns} 0-1

[Event "ICC tourney 2175 (45 10)"]
[Site "Internet Chess Club"]
[Date "2020.12.05"]
[Round "5"]
[White "HansNiemann"]
[Black "Aleksandrov73"]
[Result "1/2-1/2"]
[ICCResult "Game drawn by mutual agreement"]
[WhiteElo "2619"]
[BlackElo "2628"]
[Opening "Nimzo-Indian: 4.e3, main line with ...c5"]
[ECO "E53"]
[NIC "NI.07"]
[Time "23:01:28"]
[TimeControl "2700+10"]

1. d4 Nf6 2. c4 e6 3. Nc3 Bb4 4. e3 O-O 5. Bd3 c5 6. Nf3 d5 7. cxd5 exd5 8.
dxc5 Nbd7 9. Bd2 Bxc5 10. Rc1 a6 11. O-O Re8 12. Ne2 Ne4
{Game drawn by mutual agreement}
1/2-1/2

[Event "ICC tourney 2175 (45 10)"]
[Site "Internet Chess Club"]
[Date "2020.12.05"]
[Round "5"]
[White "investigator"]
[Black "brilliantnessme"]
[Result "0-1"]
[ICCResult "White resigns"]
[WhiteElo "2086"]
[BlackElo "2030"]
[Opening "Catalan: closed, 5.Nf3"]
[ECO "E06"]
[NIC "CA.05"]
[Time "23:01:13"]
[TimeControl "2700+10"]

1. c4 e6 2. Nf3 Nf6 3. d4 d5 4. g3 Be7 5. Bg2 O-O 6. O-O dxc4 7. Ne5 Nc6 8.
Nxc6 bxc6 9. Na3 Bxa3 10. bxa3 Ba6 11. Qd2 Rb8 12. Qa5 Qc8 13. a4 Rd8 14.
Ba3 Rxd4 15. Rfb1 Rb6 16. Bc5 Rd7 17. Rd1 Rxd1+ 18. Rxd1 Rb8 19. Bxc6 Bb7
20. Qb5 Ba8 {White resigns} 0-1

[Event "ICC tourney 2175 (45 10)"]
[Site "Internet Chess Club"]
[Date "2020.12.05"]
[Round "5"]
[White "IshanVannadil"]
[Black "TjkTiger"]
[Result "0-1"]
[ICCResult "White checkmated"]
[WhiteElo "1866"]
[BlackElo "2602"]
[Opening "Sicilian: Hungarian variation"]
[ECO "B34"]
[NIC "SI.43"]
[Time "23:02:05"]
[TimeControl "2700+10"]

1. e4 c5 2. Nf3 g6 3. d4 cxd4 4. Nxd4 Bg7 5. Nc3 Nc6 6. Nxc6 bxc6 7. Be2 d6
8. O-O Nf6 9. f4 O-O 10. Be3 Nd7 11. Qd2 Rb8 12. Rab1 a5 13. Bd4 Bxd4+ 14.
Qxd4 Qb6 15. Rfd1 Qxd4+ 16. Rxd4 Nc5 17. g3 Rb4 18. Bc4 Ne6 19. a3 Nxd4 20.
axb4 axb4 21. Ne2 Nf3+ 22. Kf2 Nd2 23. Ra1 Nxc4 24. Ra4 c5 25. c3 Nxb2 26.
Ra7 Nd1+ 27. Ke1 Nxc3 28. Nxc3 bxc3 29. Kd1 e6 30. Kc2 d5 31. Kxc3 dxe4 32.
Rc7 Ba6 33. Rc6 Ra8 34. Kd2 Rd8+ 35. Ke3 Rd3+ 36. Kxe4 Bb7 37. Kxd3 Bxc6 38.
Kc4 Kg7 39. Kxc5 Bg2 40. Kd4 Kf6 41. Ke3 Kf5 42. Kf2 Bh3 43. Kf3 h5 44. Ke3
Kg4 45. Kf2 h4 46. gxh4 Kxf4 47. h5 gxh5 48. Kg1 e5 49. Kf2 e4 50. Ke2 e3
51. Ke1 Kf3 52. Kd1 Kf2 53. Kc2 e2 54. Kd3 e1=Q 55. Kd4 Qe3+ 56. Kc4 Qd2 57.
Kc5 Qd3 58. Kb6 Qc4 59. Kb7 Qc5 60. Kb8 Qb6+ 61. Ka8 Bg2# {White checkmated}
0-1

[Event "ICC tourney 2175 (45 10)"]
[Site "Internet Chess Club"]
[Date "2020.12.05"]
[Round "5"]
[White "mikoyansuren"]
[Black "AJM04"]
[Result "0-1"]
[ICCResult "White resigns"]
[WhiteElo "2018"]
[BlackElo "2065"]
[Opening "Torre attack (Tartakower variation)"]
[ECO "D03"]
[NIC "QP.08"]
[Time "23:02:05"]
[TimeControl "2700+10"]

1. d4 d5 2. Nf3 Nf6 3. Bg5 Ne4 4. Bf4 c5 5. e3 Nc6 6. dxc5 e6 7. Bd3 Nxc5 8.
O-O Nxd3 9. cxd3 Bd6 10. Be5 Nxe5 11. Nxe5 Bxe5 12. d4 Bd6 13. Nc3 O-O 14.
Qb3 Qb6 15. Qxb6 axb6 16. Nb5 Bb8 17. Rfc1 Bd7 18. a4 Bxb5 19. axb5 Bd6 20.
h3 Rfb8 21. Kf1 Kf8 22. Ke2 Ke7 23. f3 Kd7 24. e4 Rxa1 25. Rxa1 Rc8 26. e5
Be7 27. Kd3 Rc4 28. Ra8 Bd8 29. Ra1 Rb4 30. Kc3 Rc4+ 31. Kd3 Bg5 32. g3 Rc1
33. Ra7 Kc7 34. f4 Bd8 35. Ra3 Rg1 36. Kd2 Rg2+ 37. Kc1 g5 38. Rc3+ Kd7
{White resigns}
0-1

[Event "ICC tourney 2175 (45 10)"]
[Site "Internet Chess Club"]
[Date "2020.12.05"]
[Round "5"]
[White "Eraser007"]
[Black "funplaychess"]
[Result "1-0"]
[ICCResult "Black checkmated"]
[WhiteElo "2251"]
[BlackElo "2293"]
[Opening "Sicilian"]
[ECO "B50"]
[NIC "SI.01"]
[Time "23:01:27"]
[TimeControl "2700+10"]

1. e4 c5 2. Nf3 d6 3. c3 Nf6 4. h3 Nc6 5. Bd3 g6 6. Bc2 Bg7 7. d4 cxd4 8.
cxd4 Nb4 9. Ba4+ Bd7 10. Nc3 O-O 11. Bxd7 Qxd7 12. O-O Rfc8 13. Be3 d5 14.
Ne5 Qd6 15. Qb3 e6 16. Nxf7 Kxf7 17. e5 Qe7 18. exf6 Bxf6 19. Rfe1 Rc4 20.
Rad1 Nc6 21. Ne2 Qb4 22. Qd3 Qxb2 23. Rb1 Qxa2 24. Rxb7+ Ne7 25. Nf4 Qa6 26.
Qb3 Rac8 27. Bd2 Rxd4 28. Rxe6 Qc4 29. Qa3 Qc5 30. Qf3 Rxf4 31. Rexe7+ Bxe7
32. Qxf4+ Kg8 33. Qe5 Bh4 34. Qg7# {Black checkmated} 1-0

[Event "ICC tourney 2175 (45 10)"]
[Site "Internet Chess Club"]
[Date "2020.12.05"]
[Round "5"]
[White "Chessking2008"]
[Black "BreatheChessAls"]
[Result "1-0"]
[ICCResult "Black resigns"]
[WhiteElo "2163"]
[BlackElo "1912"]
[Opening "English: Anglo-Grünfeld defense"]
[ECO "A16"]
[NIC "EO.64"]
[Time "23:01:46"]
[TimeControl "2700+10"]

1. c4 Nf6 2. Nc3 d5 3. cxd5 Nxd5 4. e3 Nxc3 5. bxc3 g6 6. d4 Bg7 7. Bd3 O-O
8. Ne2 Bd7 9. O-O Bc6 10. e4 e6 11. Be3 Nd7 12. Qd2 Nf6 13. f3 b6 14. Bg5
Qd7 15. Rfd1 Ba4 16. Bc2 Bxc2 17. Qxc2 h6 18. Be3 Rad8 19. c4 Qc8 20. Rab1
c5 21. dxc5 bxc5 22. e5 Nd7 23. f4 Nb6 24. Ng3 Rxd1+ 25. Rxd1 Qa6 26. Rc1
Rc8 27. Ne4 Qa3 28. Qb3 Qa5 29. h4 h5 30. Bf2 Bh6 31. g3 Bf8 32. Rc2 Qa4 33.
Rc3 Qc6 34. Qc2 Be7 35. Ra3 Qb7 36. Ra5 Nd7 37. Rb5 Qc6 38. Qd3 Qc7 39. Qf3
a6 40. Rb7 Qc6 41. Ng5 Bxg5 42. Qxc6 Rxc6 43. Rxd7 Bh6 44. Rd6 Rxd6 45. exd6
Kf8 46. Bxc5 Ke8 47. Bd4 Kd7 48. c5 Bf8 49. Kf2 Kc6 50. Bf6 Kd7 51. Ke3 Kc6
52. Kd4 a5 53. Kc4 Bh6 54. Kb3 {Black resigns} 1-0

[Event "ICC tourney 2175 (45 10)"]
[Site "Internet Chess Club"]
[Date "2020.12.05"]
[Round "5"]
[White "javasri"]
[Black "Drachekokosnuss"]
[Result "1/2-1/2"]
[ICCResult "Game drawn by mutual agreement"]
[WhiteElo "1921"]
[BlackElo "2092"]
[Opening "Ruy Lopez: closed, Pilnik variation"]
[ECO "C88"]
[NIC "RL.17"]
[Time "23:01:41"]
[TimeControl "2700+10"]

1. e4 e5 2. Nf3 Nc6 3. Bb5 a6 4. Ba4 Nf6 5. O-O Be7 6. Re1 b5 7. Bb3 O-O 8.
d3 d6 9. c3 Na5 10. Bc2 c5 11. Nbd2 Nc6 12. Nf1 h6 13. Ng3 Be6 14. d4 cxd4
15. cxd4 Bg4 16. Be3 exd4 17. Bxd4 Nxd4 18. Qxd4 Bxf3 19. gxf3 Nd7 20. Nf5
Ne5 21. Kg2 Rc8 22. Bb3 Bf6 23. Qxd6 Nd3 24. Red1 Nxb2 25. Qxd8 Rfxd8 26.
Rxd8+ Rxd8 27. Rc1 Rd2 28. Rc8+ Kh7 29. Rc2 Rxc2 30. Bxc2 b4 31. Bb3 a5 32.
f4 a4 33. Bxf7 Nd3 34. Ne3 Nxf4+ 35. Kf3 Nd3 36. Ke2 Ne5 37. Bd5 Bg5 38. Nc2
Be7 39. f4 Ng4 40. Ne3 {Game drawn by mutual agreement} 1/2-1/2